Map: Daybreak LE

Players

herO

  • Race: Protoss Protoss
  • Spawn Location: 1:00

Stats - Winner!

  • Race: Protoss Protoss
  • Spawn Location: 7:00

Event: IEM Season 11 - Gyeonggi

VOD

Have the link to the VOD?

Description

Time

  • Played on: Dec. 13, 2016, 11:16 p.m.
  • Length: 10:09

All games in this series

Show
View Real Time Build Order
Export as new Build Order

herO Protoss 

Build Orders: Oracle Opening, Mass Adepts 

Get SALT Encoding   

  12  0:00  Probe (Chrono Boost)  
  13  0:11  Probe (Chrono Boost)  
  14  0:18  Pylon  
  14  0:22  Probe (Chrono Boost)  
  15  0:36  Gateway, Probe (Chrono Boost)  
  15  0:41  Assimilator  
  16  0:46  Probe (Chrono Boost)  
  17  0:55  Assimilator  
  17  0:57  Probe (Chrono Boost)  
  18  1:08  Probe (Chrono Boost)  
  18  1:09  Gateway  
  20  1:18  Probe (Chrono Boost)  
  20  1:23  Cybernetics Core  
  20  1:29  Probe (Chrono Boost)  
  20  1:32  Pylon  
  21  1:39  Probe (Chrono Boost)  
  22  1:50  Probe (Chrono Boost)  
  23  1:59  Warp Gate (Chrono Boost), Adept x2  
  29  2:14  Stargate  
  27  2:19  Pylon  
  27  2:26  Adept x2  
  31  2:38  Probe  
  32  2:53  Adept x2  
  36  2:58  Oracle (Chrono Boost)  
  39  3:09  Pylon  
  38  3:29  Nexus  
  38  3:35  Oracle (Chrono Boost)  
  41  3:48  Mothership Core  
  37  3:53  Adept x2  
  39  4:09  Probe (Chrono Boost)  
  38  4:13  Adept x2  
  40  4:21  Probe (Chrono Boost)  
  41  4:27  Robotics Facility  
  41  4:32  Probe (Chrono Boost)  
  42  4:42  Probe (Chrono Boost)  
  42  4:43  Probe (Chrono Boost)  
  40  4:51  Twilight Council  
  40  4:52  Probe (Chrono Boost)  
  41  4:53  Probe (Chrono Boost)  
  37  5:08  Probe (Chrono Boost)  
  37  5:09  Probe (Chrono Boost)  
  37  5:11  Immortal (Chrono Boost)  
  37  5:18  Probe  
  37  5:20  Probe  
  43  5:26  Pylon  
  43  5:29  Void Ray (Chrono Boost)  
  43  5:31  Probe  
  43  5:33  Probe  
  49  5:36  Adept  
  49  5:41  Zealot  
  53  5:44  Probe  
  53  5:45  Probe  
  55  5:54  Immortal  
  55  6:03  Pylon  
  59  6:06  Adept x2  
  41  6:27  Stalker  
  41  6:28  Stalker  
  26  6:50  Stalker x2  
  26  6:52  Probe x2 (Chrono Boost)  
  29  7:04  Probe x2 (Chrono Boost)  
  31  7:13  Stalker  
  31  7:14  Stalker  
  35  7:17  Probe (Chrono Boost)  
  35  7:19  Probe (Chrono Boost)  
  37  7:27  Probe (Chrono Boost)  
  39  7:30  Probe (Chrono Boost)  
  39  7:38  Probe (Chrono Boost)  
  39  7:40  Probe (Chrono Boost), Phoenix (Chrono Boost)  
  43  7:47  Stalker  
  41  7:51  Probe  
  41  7:52  Probe  
  43  8:05  Probe x2 (Chrono Boost)  
  41  8:16  Probe x2 (Chrono Boost)  
  43  8:20  Assimilator  
  43  8:21  Assimilator  
  43  8:26  Probe (Chrono Boost)  
  43  8:27  Probe (Chrono Boost)  
  45  8:30  Dark Shrine  
  45  8:37  Probe x2 (Chrono Boost)  
  47  8:46  Warp Prism (Chrono Boost)  
  49  8:49  Probe (Chrono Boost)  
  49  8:51  Probe (Chrono Boost)  
  51  9:00  Probe (Chrono Boost)  
  51  9:01  Probe (Chrono Boost)  
  53  9:09  Probe (Chrono Boost)  
  53  9:12  Mothership Core (Chrono Boost)  
  53  9:13  Pylon  
  53  9:15  Gateway  
  56  9:20  Immortal (Chrono Boost)  
  56  9:30  Sentry x2  
Show
View Real Time Build Order
Export as new Build Order

Stats Protoss - Winner!

Build Orders:  

Get SALT Encoding   

  12  0:00  Probe (Chrono Boost)  
  13  0:11  Probe (Chrono Boost)  
  14  0:18  Pylon  
  14  0:21  Probe (Chrono Boost)  
  15  0:36  Gateway, Probe (Chrono Boost)  
  15  0:42  Assimilator  
  16  0:47  Probe (Chrono Boost)  
  17  0:57  Probe (Chrono Boost)  
  17  0:58  Assimilator  
  18  1:08  Probe (Chrono Boost)  
  18  1:09  Gateway  
  20  1:18  Probe (Chrono Boost)  
  20  1:24  Cybernetics Core  
  20  1:29  Probe (Chrono Boost)  
  20  1:32  Pylon  
  21  1:39  Probe (Chrono Boost)  
  22  1:50  Probe (Chrono Boost)  
  23  2:00  Warp Gate (Chrono Boost), Stalker x2, Probe (Chrono Boost)  
  28  2:06  Pylon  
  28  2:13  Mothership Core (Chrono Boost)  
  30  2:37  Nexus  
  30  2:43  Probe  
  31  2:48  Stalker  
  33  2:56  Stalker  
  35  2:59  Probe  
  36  3:14  Robotics Facility  
  36  3:16  Probe  
  37  3:23  Pylon  
  37  3:35  Probe  
  37  3:38  Twilight Council  
  37  3:48  Probe (Chrono Boost)  
  37  3:52  Stalker x2  
  37  3:54  Probe (Chrono Boost)  
  40  4:05  Probe x2 (Chrono Boost)  
  38  4:16  Stalker x2  
  41  4:21  Probe (Chrono Boost)  
  41  4:23  Probe (Chrono Boost)  
  43  4:34  Probe x2 (Chrono Boost)  
  45  4:45  Stalker x2  
  46  4:57  Warp Prism (Chrono Boost)  
  48  5:01  Probe (Chrono Boost)  
  41  5:15  Stalker  
  41  5:21  Stalker  
  45  5:45  Stalker x2  
  47  6:09  Stalker x2  
  49  6:16  Probe x2  
  41  6:32  Stalker  
  45  6:35  Stalker  
  33  6:51  Probe x2 (Chrono Boost)  
  29  6:55  Stalker  
  29  6:58  Stalker x2  
  33  7:03  Probe x2 (Chrono Boost)  
  35  7:15  Probe x2 (Chrono Boost)  
  37  7:20  Adept  
  37  7:22  Adept  
  41  7:25  Probe (Chrono Boost)  
  41  7:26  Probe (Chrono Boost)  
  43  7:31  Blink (Chrono Boost)  
  43  7:35  Observer  
  43  7:36  Probe (Chrono Boost)  
  45  7:39  Probe (Chrono Boost)  
  46  7:53  Probe x2 (Chrono Boost)  
  46  7:54  Stalker  
  50  8:02  Stalker  
  50  8:06  Probe x2 (Chrono Boost)  
  50  8:16  Probe x2 (Chrono Boost)  
  50  8:19  Immortal  
  52  8:21  Stalker  
  58  8:30  Stalker  
  60  8:34  Probe x2  
  60  8:39  Pylon  
  60  8:41  Assimilator  
  62  8:48  Gateway  
  62  8:59  Stalker x2  
  62  9:02  Probe x2  
  68  9:14  Pylon  
  68  9:15  Pylon  
  68  9:18  Observer, Probe  
  70  9:34  Gateway  
  70  9:35  Stalker x2, Gateway  

Tags
 
Add a new tag
Caveats
  • Supply blocks, unpowered buildings, or Contaminate may cause inaccurate times.
  • Supply counts are checked every 10 seconds.